 Dungeon Crawl Stone Soup version 0.17-a0-977-g4154171 (webtiles) character file.

33 fungee the Chopper (level 3, 0/30 HPs)
             Began as a Hill Orc Warper on May 11, 2015.
             Succumbed to an adder's poison
             ... on level 2 of the Dungeon.
             The game lasted 00:02:24 (613 turns).

fungee the Chopper (Hill Orc Warper)                 Turns: 613, Time: 00:02:24

Health: 0/30       AC:  7    Str: 18    XL:     3   Next: 29%
Magic:  5/5        EV:  9    Int: 13    God:
Gold:   20         SH:  5    Dex: 11    Spells: 1 memorised, 4 levels left

rFire  . . .     SeeInvis .     a - +0 hand axe
rCold  . . .     Clarity  .     h - +0 scale mail (curse)
rNeg   . . .     SustAb   .     g - +2 buckler
rPois  .         Gourm    .     (no helmet)
rElec  .         Spirit   .     (no cloak)
rCorr  .         Warding  .     m - +0 pair of gloves
rMut   .         Stasis   .     (no boots)
MR     .....                    l - amulet of inaccuracy (curse)
Stlth  ..........               (no ring)
                                (no ring)

@: mighty, lethally poisoned (0 -> -3), very slightly contaminated, hasted, very
quick, not resistant to hostile enchantments, extremely unstealthy
A: no striking features
a: no special abilities


You were on level 2 of the Dungeon.
You were not hungry.

You visited 1 branch of the dungeon, and saw 2 of its levels.

You collected 20 gold pieces.

Inventory:

Hand weapons
 a - a +0 hand axe (weapon)
Missiles
 e - 5 tomahawks of dispersal (quivered)
 n - 30 poisoned needles
 o - 11 bolts
 p - 8 poisoned tomahawks
Armour
 b - a +0 leather armour
 g - a +2 buckler (worn)
 h - a cursed +0 scale mail (worn)
 m - a +0 pair of gloves (worn)
Jewellery
 l - a cursed amulet of inaccuracy (around neck)
Scrolls
 d - a scroll of blinking
 j - a scroll of remove curse {unknown}
 q - a scroll of random uselessness {unknown}
Potions
 r - a potion of might
Books
 c - a book of Spatial Translocations

   Spells                             Type                      Level
   a - Apportation                    Translocation                1
   b - Blink                          Translocation                2
   c - Shroud of Golubria             Charms/Translocation         2
   d - Portal Projectile              Translocation                3
   e - Teleport Other                 Translocation                3
   f - Passage of Golubria            Translocation                4
Comestibles
 f - a bread ration
 i - a royal jelly


   Skills:
 - Level 2.4 Fighting
 + Level 4.8 Axes
 - Level 1.0 Throwing
 - Level 1.1 Armour
 - Level 1.5 Dodging
 - Level 1.5 Spellcasting
 - Level 2.4 Translocations


You had 4 spell levels left.
You knew the following spells:

 Your Spells              Type           Power        Failure   Level  Hunger
a - Apportation           Tloc           #.........   65%         1    ##.....


Dungeon Overview and Level Annotations

Branches:
Dungeon (2/15)

Altars:


Message History

Your scale mail prevents you from hitting the giant cockroach.
You closely miss the giant cockroach.
The giant cockroach bites you but does no damage.
You closely miss the giant cockroach. You block the giant cockroach's attack.
You hit the giant cockroach.
The giant cockroach is moderately wounded.
* * * LOW HITPOINT WARNING * * *
You feel sick.
The giant cockroach bites you but does no damage.
You slash the giant cockroach!
You kill the giant cockroach!
The hobgoblin hits you.
* * * LOW HITPOINT WARNING * * *
Items here: )) [ ††† You completely miss the hobgoblin.
You block the hobgoblin's attack.
You slash the hobgoblin!
You kill the hobgoblin!
Found a stone staircase leading down.
You see here a hobgoblin corpse.
You die...

# ###.#+# .......
#.########......>
#....<..@†.......
#.#####.##.......
...# .......
#.#... ..#.#.# ..
...#.### # # ##
......# #.#<.. .
#.#.## ##


There were no monsters in sight!

Vanquished Creatures
  An adder (D:2)
  An ooze (D:1)
  5 giant cockroaches
  4 goblins
  4 hobgoblins
  A bat (D:1)
  A kobold (D:1)
  A rat (D:1)
18 creatures vanquished.

Notes
Turn   | Place    | Note
--------------------------------------------------------------
     0 | D:1      | fungee, the Hill Orc Warper, began the quest for the Orb.
     0 | D:1      | Reached XP level 1. HP: 18/18 MP: 3/3
   221 | D:1      | Reached skill level 3 in Axes
   335 | D:1      | Reached XP level 2. HP: 20/25 MP: 4/4
   374 | D:1      | Reached skill level 4 in Axes
   598 | D:2      | Reached XP level 3. HP: 4/30 MP: 5/5
   607 | D:2      | HP: 1/30 [poisoned by an adder]
   613 | D:2      | Succumbed to an adder's poison

Vault maps used:
D:1:      minmay_arrival_wavy_path

Action                   || total
-------------------------++-------
Melee: Hand axe          ||    83
  Use: Scroll            ||     1
       Potion            ||     2
